Cogmind - Beta 14 @@@ ROGUE MODE // 2024.10.17 @ 19:05:08 Player: LEWiKK Result: Destroyed by S-43 Plague with Heavy Machine Gun Performance ------------- Evolutions (7) 3500 Regions Visited (14) 2800 Robots Destroyed (136) 680 Value Destroyed (6407) 6407 Prototype IDs (16) 320 Alien Tech Used (0) 0 Bonus (2418) 2418 TOTAL SCORE: 16125 Bonus ------- High Alert Combat Kills 549 Follower Combat Kills 823 Entered DSFs 500 Network Hubs Disabled 200 Met R17 at Cetus 500 Friendly Fire -154 Cogmind --------- Core Integrity 0/1300 Matter 74/300 Energy 47/100 System Corruption 1% Temperature Cool (3) Movement Flying (40) Location -3/Armory Parts ------- > --- POWER (1) -------- (None) > --- PROPULSION (3) --- Impulse Thruster > --- UTILITY (12) ----- (None) > --- WEAPON (5) ------- (None) > --- INVENTORY (5) ---- Impulse Thruster Advanced Cooling System Improved System Restoration Module Hardcell Cannon Peak State ------------ > --- POWER ------------ Quantum Reactor > --- PROPULSION ------- Carbon-fiber Leg Improved Titanium Leg Flexi-carbon Leg > --- UTILITY ---------- Medium Storage Unit Advanced Signal Interpreter Advanced Targeting Computer Target Analyzer Centrium Medium Armor Plating Improved Hacking Suite Improved System Shield > --- WEAPON ----------- Advanced Variable Charge Gun Flak Gun Advanced KE Penetrator Advanced KE Penetrator > --- INVENTORY -------- Quantum Reactor Quantum Reactor Carbon-fiber Leg Titanium Leg Improved Cooling System Advanced Targeting Computer Centrium Medium Armor Plating Improved System Restoration Module Advanced Variable Charge Gun Advanced Variable Charge Gun [Rating: 86] Favorites ----------- Power Quantum Reactor Engine Improved Ion Engine Power Core Fission Core Reactor Quantum Reactor Propulsion Improved Titanium Leg Leg Improved Titanium Leg Hover Unit Antigrav System Flight Unit Impulse Thruster Utility Medium Storage Unit Device Improved Heat Sink Storage Medium Storage Unit Processor Advanced Targeting Computer Hackware System Shield Protection Centrium Medium Armor Plating Weapon Hypervelocity Gauss Rifle Energy Gun Advanced Variable Charge Gun Energy Cannon Heavy Ion Cannon Ballistic Gun Hypervelocity Gauss Rifle Ballistic Cannon Improved Light Cannon Launcher Precision Grenade Launcher Impact Weapon Powered Hammer Slashing Weapon Great Axe Build | -11 -10 -9 -8 -7 -7 -6 -6 -6 -6 -6 -5 -4 -3 -3 ------- Run | Yrd Mat Mat Mat Fac DSF Fac Ext Cet Arc Hub Fac Fac Res Arm Slots Evolved 14 | . . 2 2 2 . 2 . . . . 2 2 2 . Power . | . . . . . . . . . . . . . . . Propulsion 1 | . . 1 . . . . . . . . . . . . Utility 10 | . . 1 1 1 . 2 . . . . 1 2 2 . Weapon 3 | . . . 1 1 . . . . . . 1 . . . Parts Attached 125 | . 8 10 16 8 11 3 21 9 3 9 14 6 2 5 Power 15 | . . 2 5 . 2 1 1 1 . . 2 . . 1 Engine 7 | . . 2 4 . 1 . . . . . . . . . Core 4 | . . . 1 . 1 1 1 . . . . . . . Reactor 4 | . . . . . . . . 1 . . 2 . . 1 Propulsion 41 | . 2 5 5 . 4 . 7 1 1 4 5 1 2 4 Treads . | . . . . . . . . . . . . . . . Leg 33 | . 2 5 5 . 4 . 7 1 1 4 4 . . . Wheel . | . . . . . . . . . . . . . . . Hover 1 | . . . . . . . . . . . . 1 . . Flight 7 | . . . . . . . . . . . 1 . 2 4 Utility 25 | . 3 1 3 1 2 2 2 2 2 2 2 3 . . Device 6 | . 1 . . 1 1 1 . . . . 1 1 . . Storage 1 | . 1 . . . . . . . . . . . . . Processor 6 | . . 1 1 . . 1 1 . . . . 2 . . Hackware 4 | . . . . . 1 . 1 . 2 . . . . . Protection 8 | . 1 . 2 . . . . 2 . 2 1 . . . Artifact . | . . . . . . . . . . . . . . . Weapon 44 | . 3 2 3 7 3 . 11 5 . 3 5 2 . . Energy Gun 15 | . . 1 . 6 . . 4 1 . 1 2 . . . Energy Cannon 3 | . 1 . . . . . 1 1 . . . . . . Ballistic Gun 15 | . 1 1 3 . 3 . 1 3 . 2 1 . . . Ballistic Cannon 4 | . 1 . . . . . . . . . 2 1 . . Launcher 1 | . . . . 1 . . . . . . . . . . Special Weapon . | . . . . . . . . . . . . . . . Impact Weapon 4 | . . . . . . . 4 . . . . . . . Slashing Weapon 2 | . . . . . . . 1 . . . . 1 . . Piercing Weapon . | . . . . . . . . . . . . . . . Special Melee Weapon . | . . . . . . . . . . . . . . . Unidentified Prototypes 10 | . . . 2 3 . . . 3 . . . 2 . . Parts Lost 53 | . . 1 2 . 3 1 8 4 . 6 23 1 . 4 Power 7 | . . . 1 . 2 . 1 . . . 3 . . . Propulsion 20 | . . 1 1 . . . 4 1 . 1 8 . . 4 Utility 11 | . . . . . 1 1 . 1 . 1 6 1 . . Weapon 15 | . . . . . . . 3 2 . 4 6 . . . Highest Loss Streak 12 | . . 1 1 . 2 1 2 2 . 4 12 1 . 2 To Critical Strikes 2 | . . . . . . . . 1 . . 1 . . . Average Slot Usage (%) 86 | . 94 99 98 98 96 87 88 99 99 98 82 7 5 2 Engine 2 | . 14 11 8 . 3 . . . . . . . . . Core 2 | . . . . 7 2 6 6 . . . . . . . Reactor 1 | . . . . . . . . 5 6 6 4 . . . Leg 20 | . 28 32 27 23 23 20 19 20 20 19 14 . . . Device 5 | . 7 11 9 14 15 10 6 . . . 4 . . . Storage 6 | . 14 11 9 7 7 6 6 6 6 6 4 . . . Processor 12 | . . 10 9 7 7 10 14 20 20 20 16 2 . . Hackware 5 | . . . . . . 6 7 13 12 13 10 . . . Protection 3 | . 1 . 7 7 3 . . 5 6 5 4 . . . Energy Gun 8 | . 11 8 9 14 15 13 9 5 6 5 9 . . . Energy Cannon 1 | . 4 2 . . . . 4 4 . . . . . . Ballistic Gun 10 | . 7 8 18 13 8 13 6 15 20 19 4 . . . Peak Build Rating 86 | 6 12 18 35 44 56 62 65 81 83 86 84 21 17 18 Average Rating 50 | 6 8 16 28 39 49 57 58 77 80 83 71 9 11 6 On Entrance 35 | 6 6 12 18 32 44 56 58 63 79 83 57 2 3 17 Naked Turns 222 | . . . . . . . . . . . 1 118 26 77 Heaviest Build 65 | 12 22 24 36 39 45 43 42 65 58 58 65 14 . . Greatest Support 65 | 20 20 30 38 38 60 60 65 60 55 55 55 11 14 14 Greatest Overweight (x) 2 | . 1 . 1 1 1 . 1 1 1 1 2 2 . . Average Overweight (x) . | . . . . . . . . . 1 . . . . . Largest Inventory Capacity 10 | 8 10 10 10 10 10 10 10 10 10 10 10 5 5 5 Average Capacity 9 | 8 9 10 10 10 10 10 10 10 10 10 9 5 5 5 Most Carried 10 | 5 10 10 10 10 10 10 10 10 10 10 9 5 5 5 Average Carried 8 | 3 7 9 9 9 9 9 9 9 10 9 5 4 4 4 Final Capacity 10 | 8 10 10 10 10 10 10 10 10 10 10 5 5 5 5 Final Carried 10 | 2 10 10 10 10 10 10 10 10 10 10 4 5 5 4 Class Distribution -------------------- 41% | Scavenger-Gunner 27% | Gunner 17% | Mutant 7% | Scavenger-Mutant 5% | Hacker-Gunner Dominant Class ---------------- Mutant | -10/Materials Mutant | -9/Materials Scavenger-Gunner | -8/Materials Scavenger-Gunner | -7/Factory Gunner | -7/DSF Gunner | -6/Factory Gunner | -6/Extension Scavenger-Gunner | -6/Cetus Scavenger-Gunner | -6/Archives Scavenger-Gunner | -6/Hub_04(d) Scavenger-Gunner | -5/Factory Mutant | -4/Factory Mutant | -3/Research Mutant | -3/Armory Resources | -11 -10 -9 -8 -7 -7 -6 -6 -6 -6 -6 -5 -4 -3 -3 ----------- Run | Yrd Mat Mat Mat Fac DSF Fac Ext Cet Arc Hub Fac Fac Res Arm Matter Collected 3116 | 195 157 222 406 . 251 417 582 235 170 102 331 . 9 39 Remotely . | . . . . . . . . . . . . . . . Salvage Created 6703 | . 336 720 846 94 460 796 1280 574 362 355 880 . . . Parts 323 | . 12 44 40 9 25 24 53 36 14 17 49 . . . Haulers Intercepted 2 | . . 1 . 1 . . . . . . . . . . Recyclers Shooed 3 | . . . . . . . 2 . . . 1 . . . Parts Field Recycled . | . . . . . . . . . . . . . . . Retrieved Matter . | . . . . . . . . . . . . . . . Parts Self-Destructed . | . . . . . . . . . . . . . . . Prevented . | . . . . . . . . . . . . . . . Kills | -11 -10 -9 -8 -7 -7 -6 -6 -6 -6 -6 -5 -4 -3 -3 ------- Run | Yrd Mat Mat Mat Fac DSF Fac Ext Cet Arc Hub Fac Fac Res Arm Combat Hostiles Destroyed 124 | . 8 17 15 1 8 10 17 7 4 7 30 . . . Guns 104 | . 5 16 14 1 8 10 13 7 4 7 19 . . . Cannons 16 | . 3 1 . . . . 3 . . . 9 . . . AOE 2 | . . . 1 . . . . . . . 1 . . . Classes Destroyed 17 | . 1 3 3 . 3 . 3 2 1 1 . . . . Worker 2 | . . . 2 . . . . . . . . . . . Builder 1 | . . . . . . . 1 . . . . . . . Tunneler 1 | . . . . . . . . . . 1 . . . . Hauler 2 | . . 1 . 1 . . . . . . . . . . Recycler 3 | . . . 2 . . 1 . . . . . . . . Carrier 1 | . . . . . . . 1 . . . . . . . Operator 1 | . . . . . . . . . 1 . . . . . Watcher 2 | . . . . . . . . 1 . . 1 . . . Swarmer 26 | . . 3 1 . . . . . . . 22 . . . Grunt 57 | . 8 9 11 1 3 9 8 1 . 3 4 . . . Duelist 3 | . . . 1 . . 1 1 . . . . . . . Sentry 19 | . . 5 2 . . . 7 . 4 1 . . . . Specialist 3 | . . . . . 3 . . . . . . . . . Hunter 3 | . . . . . 1 . . . . 2 . . . . Programmer 6 | . . . . . . . 1 . . 1 4 . . . Heavy 1 | . . . . . 1 . . . . . . . . . Cetus Guard 6 | . . . . . . . . 6 . . . . . . Savage 1 | . . . . . . . . 1 . . . . . . Best Kill Streak 12 | . 3 5 7 2 5 6 4 5 3 3 12 . . . Combat Bots Only 12 | . 3 5 4 1 5 6 3 4 2 3 12 . . . Max Kills in Single Turn 4 | . 1 1 4 1 2 2 1 2 2 2 2 . . . Gunslinging 1 | . . . 1 . . . . 1 . . . . . . Exploded 1 | . . . 1 . . . . . . . 1 . . . Melee . | . . . . . . . . . . . . . . . Uniques/NPCs Destroyed . | . . . . . . . . . . . . . . . Combat | -11 -10 -9 -8 -7 -7 -6 -6 -6 -6 -6 -5 -4 -3 -3 -------- Run | Yrd Mat Mat Mat Fac DSF Fac Ext Cet Arc Hub Fac Fac Res Arm Hostile Shots Fired 1066 | . 27 60 61 2 60 58 197 27 13 112 262 86 23 78 Missed 393 | . 12 25 15 1 22 23 76 7 1 29 100 35 16 31 Damage Taken 11801 | . 173 508 768 18 869 655 1079 537 293 1114 3207 1115 191 1274 Core 3711 | . 48 115 68 . 82 93 92 . . 75 842 975 161 1160 Absorbed by Shields 79 | . . . . . . . 35 . . . . . . 44 Redirected to Shielding 3 | . 3 . . . . . . . . . . . . . Regen/Repaired (Parts) 85 | . . 20 . . . 65 . . . . . . . . Core Remaining (%) 65 | 100 80 71 87 . 88 . . . . 69 15 15 . . Volleys Fired 329 | . 22 41 40 2 23 24 89 15 10 20 43 . . . Largest 4 | . 2 2 3 4 4 4 4 4 4 4 4 . . . Hottest 383 | . 107 107 106 160 106 106 213 383 176 178 265 . . . Shots Fired 939 | . 44 80 119 8 64 96 243 53 35 68 129 . . . Gun 800 | . 32 72 119 8 58 96 187 40 35 68 85 . . . Cannon 133 | . 12 8 . . . . 56 13 . . 44 . . . Launcher 6 | . . . . . 6 . . . . . . . . . Special . | . . . . . . . . . . . . . . . Kinetic 477 | . 22 41 80 4 20 48 81 33 30 56 62 . . . Thermal 446 | . 22 39 39 4 38 48 162 10 5 12 67 . . . Explosive 6 | . . . . . 6 . . . . . . . . . Electromagnetic 10 | . . . . . . . . 10 . . . . . . Robot Hit Streak 27 | . 12 9 10 2 27 14 25 10 8 5 8 . . . Robot Miss Streak 10 | . 3 2 3 4 2 3 6 10 6 6 7 . . . Penetration Max 2 | . . . . . . 1 2 1 1 1 . . . . Secondary Targets 18 | . . 2 2 . . 4 . 2 . . 8 . . . Max Gunslinging Chain 1 | . . 1 1 . . 1 . 1 . . 1 . . . Shots Hit Robots 591 | . 30 57 76 3 49 71 138 28 27 49 63 . . . Core Hits 295 | . 13 26 32 3 20 39 57 22 18 25 38 . . 2 Critical Kills 24 | . . . 2 . . 4 6 6 4 2 . . . . Critical Parts Destroyed 32 | . . . . . . 12 10 3 2 4 1 . . . Critical Strikes 76 | . 1 . 3 . 2 19 21 9 6 7 8 . . . Burn 10 | . 1 . 1 . 2 3 3 . . . . . . . Destroy 59 | . . . 2 . . 16 18 9 6 7 1 . . . Blast 7 | . . . . . . . . . . . 7 . . . Melee Attacks 55 | . . . . . . . 55 . . . . . . . Impact 50 | . . . . . . . 50 . . . . . . . Slashing 5 | . . . . . . . 5 . . . . . . . Piercing . | . . . . . . . . . . . . . . . Sneak Attacks 1 | . . . . . . . 1 . . . . . . . Combat Hostiles . | . . . . . . . . . . . . . . . Follow-up Attacks . | . . . . . . . . . . . . . . . Damage Inflicted 12511 | . 434 1004 1828 72 1457 982 2305 634 494 1045 2208 2 . 46 Guns 9253 | . 320 803 1343 72 954 982 1741 384 494 1030 1130 . . . Cannons 1736 | . 105 100 . . . . 463 250 . . 818 . . . Explosions 1328 | . . 101 485 . 503 . . . . . 239 . . . Melee 83 | . . . . . . . 83 . . . . . . . Ramming 111 | . 9 . . . . . 18 . . 15 21 2 . 46 Kinetic 5267 | . 251 506 920 37 348 273 350 317 398 832 1035 . . . Thermal 6197 | . 174 498 908 35 606 709 1854 119 96 198 1000 . . . Explosive 655 | . . . . . 503 . . . . . 152 . . . Electromagnetic 198 | . . . . . . . . 198 . . . . . . Impact 83 | . . . . . . . 83 . . . . . . . Slashing . | . . . . . . . . . . . . . . . Piercing . | . . . . . . . . . . . . . . . Highest Corruption 20 | . . . . . . . 1 1 1 1 20 . . 1 Average Corruption 1 | . . . . . . . 1 1 1 1 7 . . 1 Corruption Purged . | . . . . . . . . . . . . . . . Corruption Blocked . | . . . . . . . . . . . . . . . Effects 30 | . . . . . . . 11 7 3 2 6 . . 1 Message Errors 9 | . . . . . . . 4 1 . . 4 . . . Matter Fused 2 | . . . . . . . . . 1 1 . . . . Heat Flow Errors 2 | . . . . . . . 1 . . 1 . . . . Energy Discharges 8 | . . . . . . . 3 3 1 . 1 . . . Parts Rejected 1 | . . . . . . . . . . . . . . 1 Data Loss (minor) 3 | . . . . . . . 1 1 1 . . . . . Data Loss (major) 2 | . . . . . . . 1 1 . . . . . . Misfires 1 | . . . . . . . 1 . . . . . . . Misdirections 1 | . . . . . . . . . . . 1 . . . Weapon Failures 1 | . . . . . . . . 1 . . . . . . Overload Shots 6 | . . . . . 1 . 4 1 . . . . . . Overflow Damage 240 | . . . 117 . . . 58 . . . 65 . . . Projectiles 66 | . . . . . . . 58 . . . 8 . . . Explosions 174 | . . . 117 . . . . . . . 57 . . . Melee . | . . . . . . . . . . . . . . . Knockbacks 9 | . . . . . . . 3 . . . 6 . . . Impact 2 | . . . . . . . 2 . . . . . . . Kinetic 5 | . . . . . . . . . . . 5 . . . Secondary 2 | . . . . . . . 1 . . . 1 . . . Self-Inflicted Damage 431 | . . 65 76 . 55 . . . . . 214 1 . 20 Shots 7 | . . 1 1 . 1 . . . . . 4 . . . Rammed 27 | . . . . . . . . . . . 9 1 . 17 Targets Rammed 35 | . 1 . . . . . 1 . . 4 11 1 . 17 Kicked 8 | . 1 . . . . . 1 . . 4 2 . . . Crushed . | . . . . . . . . . . . . . . . Highest Temperature 453 | . 48 17 143 149 . 6 254 453 400 358 348 . . . Average Temperature 113 | . 19 7 59 77 . 6 102 127 142 160 141 . . . Received Heat Transfer 1701 | . 93 159 288 9 153 336 315 . 63 54 162 51 9 9 Effects 11 | . . . . . . . . 1 . 6 4 . . . Shutdowns 2 | . . . . . . . . 1 . 1 . . . . Interference 8 | . . . . . . . . . . 5 3 . . . Matter Decay 1 | . . . . . . . . . . . 1 . . . Siege Activations . | . . . . . . . . . . . . . . . Robots Corrupted . | . . . . . . . . . . . . . . . Combat Hostiles . | . . . . . . . . . . . . . . . Parts Fried 1 | . . . . . . . 1 . . . . . . . Impact Corruptions . | . . . . . . . . . . . . . . . Robots Melted 1 | . . . . . . . 1 . . . . . . . Combat Hostiles 1 | . . . . . . . 1 . . . . . . . Parts Melted 18 | . 3 1 1 . . 1 5 . 2 . 5 . . . Heat Transferred 11021 | . 555 901 1299 74 1308 1591 3467 185 148 259 1234 . . . Parts Sabotaged . | . . . . . . . . . . . . . . . Parts Stolen . | . . . . . . . . . . . . . . . Parts Stripped . | . . . . . . . . . . . . . . . Power Chain Reactions . | . . . . . . . . . . . . . . . Alert | -11 -10 -9 -8 -7 -7 -6 -6 -6 -6 -6 -5 -4 -3 -3 ------- Run | Yrd Mat Mat Mat Fac DSF Fac Ext Cet Arc Hub Fac Fac Res Arm Peak Influence 787 | . 269 601 449 230 356 627 602 561 253 256 787 667 379 255 Initial 382 | . . 28 169 203 161 186 306 218 144 88 105 382 349 198 Average 305 | . 98 262 232 209 267 327 385 368 232 133 369 494 365 207 Maximum Alert Level 3 | . 1 2 2 1 1 2 2 2 1 1 3 2 1 1 Low Security (%) 24 | 100 94 44 28 . 28 50 . . 20 75 20 . . 50 Level 1 53 | . 5 30 65 100 71 18 60 69 79 24 58 23 100 50 Level 2 20 | . . 25 6 . . 31 39 29 . . 9 76 . . Level 3 1 | . . . . . . . . . . . 11 . . . Level 4 . | . . . . . . . . . . . . . . . Level 5 . | . . . . . . . . . . . . . . . High Security . | . . . . . . . . . . . . . . . Max Security . | . . . . . . . . . . . . . . . Sterilizations 1 | . . . . . 1 . . . . . . . . . Squads Dispatched 36 | . 3 3 . 1 2 3 4 2 . 9 7 1 . 1 Investigation 14 | . 2 2 . 1 . 1 3 2 . 3 . . . . Extermination 1 | . . . . . . . . . . . 1 . . . Reinforcement 17 | . 1 1 . . 2 2 1 . . 4 5 . . 1 Assault 2 | . . . . . . . . . . . 1 1 . . Garrison 2 | . . . . . . . . . . 2 . . . . Intercept . | . . . . . . . . . . . . . . . Searches Triggered . | . . . . . . . . . . . . . . . Construction Impeded 2 | . . . . . . . . . . 1 1 . . . Haulers Reinforced 1 | . . . . . . 1 . . . . . . . . Active Scanning Responses . | . . . . . . . . . . . . . . . Cargo Convoy Interrupts . | . . . . . . . . . . . . . . . Stealth | -11 -10 -9 -8 -7 -7 -6 -6 -6 -6 -6 -5 -4 -3 -3 --------- Run | Yrd Mat Mat Mat Fac DSF Fac Ext Cet Arc Hub Fac Fac Res Arm Distress Signals 20 | . 3 . 2 . . . 1 2 1 3 2 1 2 3 Communications Jammed 11 | . . . . . . 11 . . . . . . . . Distress Signals 11 | . . . . . . 11 . . . . . . . . Times Spotted 267 | . 17 19 29 1 10 22 28 11 6 18 54 23 8 21 Peak Tracking Total 19 | . 4 4 7 1 4 11 4 5 2 6 11 12 8 19 Tactical Retreats 21 | . 1 1 3 . . 5 1 . . 2 3 3 . 2 Traps | -11 -10 -9 -8 -7 -7 -6 -6 -6 -6 -6 -5 -4 -3 -3 ------- Run | Yrd Mat Mat Mat Fac DSF Fac Ext Cet Arc Hub Fac Fac Res Arm Traps Triggered 9 | . 2 . . . 1 . 2 . . 2 . 2 . . Indirectly . | . . . . . . . . . . . . . . . Trap Hack Attempts . | . . . . . . . . . . . . . . . Triggered . | . . . . . . . . . . . . . . . Disarmed . | . . . . . . . . . . . . . . . Reprogrammed . | . . . . . . . . . . . . . . . Reused . | . . . . . . . . . . . . . . . Traps Extracted . | . . . . . . . . . . . . . . . Installed . | . . . . . . . . . . . . . . . Triggered . | . . . . . . . . . . . . . . . Machines | -11 -10 -9 -8 -7 -7 -6 -6 -6 -6 -6 -5 -4 -3 -3 ---------- Run | Yrd Mat Mat Mat Fac DSF Fac Ext Cet Arc Hub Fac Fac Res Arm Machines Disabled 30 | . . 2 4 . . . 4 3 1 1 15 . . . Max in Single Turn 4 | . . 2 4 . . . 1 1 . 1 4 . . . Network Hub 1 | . . . . . . . . . . 1 . . . . Energy Cycler 1 | . . . . . . . 1 . . . . . . . Machines Repaired . | . . . . . . . . . . . . . . . Machines Dismantled . | . . . . . . . . . . . . . . . Machines Sabotaged 1 | . . . . . . . . . . 1 . . . . Overloaded Fab Kills . | . . . . . . . . . . . . . . . Hacking | -11 -10 -9 -8 -7 -7 -6 -6 -6 -6 -6 -5 -4 -3 -3 --------- Run | Yrd Mat Mat Mat Fac DSF Fac Ext Cet Arc Hub Fac Fac Res Arm Machines Accessed 36 | . 5 4 5 1 . 3 4 3 1 5 4 . 1 . Terminals 29 | . 4 2 4 1 . 2 4 3 . 5 3 . 1 . Fabricators . | . . . . . . . . . . . . . . . Repair Stations 3 | . 1 1 . . . 1 . . . . . . . . Recycling Units 1 | . . . . . . . . . . . 1 . . . Scanalyzers 2 | . . 1 1 . . . . . . . . . . . Garrison Access . | . . . . . . . . . . . . . . . Total Hacks 145 | . 17 9 22 4 . 7 13 12 25 17 18 . 1 . Successful 70 | . 4 6 11 1 . 3 4 1 25 10 5 . . . Failed 75 | . 13 3 11 3 . 4 9 11 . 7 13 . 1 . Catastrophic 9 | . 2 . . . . . 2 2 . 1 1 . 1 . Database Lockouts . | . . . . . . . . . . . . . . . Manual 62 | . 16 4 10 . . 3 . . . 13 16 . . . Terminals 99 | . 14 6 12 4 . 4 13 12 . 17 16 . 1 . Fabricators . | . . . . . . . . . . . . . . . Repair Stations 7 | . 3 1 . . . 3 . . . . . . . . Recycling Units 2 | . . . . . . . . . . . 2 . . . Scanalyzers 12 | . . 2 10 . . . . . . . . . . . Garrison Access . | . . . . . . . . . . . . . . . Terminal Hacks 40 | . . 1 2 1 . 2 4 1 25 3 1 . . . Record 28 | . . . . . . . 2 1 25 . . . . . Prototype ID Bank 2 | . . . 2 . . . . . . . . . . . Open Door 3 | . . . . . . 1 2 . . . . . . . Open DSF 2 | . . . . 1 . 1 . . . . . . . . Unreport Threat 1 | . . . . . . . . . . 1 . . . . Locate Traps 3 | . . . . . . . . . . 2 1 . . . Zone Layout 1 | . . 1 . . . . . . . . . . . . Fabricator Hacks . | . . . . . . . . . . . . . . . Repair Station Hacks . | . . . . . . . . . . . . . . . Recycling Unit Hacks 1 | . . . . . . . . . . . 1 . . . Report Inventory 1 | . . . . . . . . . . . 1 . . . Scanalyzer 9 | . . 2 7 . . . . . . . . . . . Insert Component 6 | . . 2 4 . . . . . . . . . . . Analyze 3 | . . . 3 . . . . . . . . . . . Garrison Access Hacks . | . . . . . . . . . . . . . . . Unauthorized Hacks 20 | . 4 3 2 . . 1 . . . 7 3 . . . Terminals 16 | . 3 2 2 . . . . . . 7 2 . . . Assimilate 1 | . . . . . . . . . . 1 . . . . Botnet 12 | . 3 2 2 . . . . . . 3 2 . . . Sabotage 3 | . . . . . . . . . . 3 . . . . Fabricators . | . . . . . . . . . . . . . . . Repair Stations 3 | . 1 1 . . . 1 . . . . . . . . Mechanics 1 | . 1 . . . . . . . . . . . . . Patch 2 | . . 1 . . . 1 . . . . . . . . Recycling Units 1 | . . . . . . . . . . . 1 . . . Monitor 1 | . . . . . . . . . . . 1 . . . Scanalyzers . | . . . . . . . . . . . . . . . Garrison Access . | . . . . . . . . . . . . . . . Data Cores Recovered . | . . . . . . . . . . . . . . . Used . | . . . . . . . . . . . . . . . Hacking Detections 26 | . 5 2 5 1 . . 3 3 . 3 3 . 1 . Full Trace Events 6 | . . 1 . 1 . . 2 2 . . . . . . Feedback Events 1 | . . . . . . . 1 . . . . . . . Corruption 1 | . . . . . . . 1 . . . . . . . Feedback Blocked . | . . . . . . . . . . . . . . . Robot Schematics Acquired . | . . . . . . . . . . . . . . . Robots Built . | . . . . . . . . . . . . . . . Authchips . | . . . . . . . . . . . . . . . Time . | . . . . . . . . . . . . . . . Total Robot Build Rating . | . . . . . . . . . . . . . . . Part Schematics Acquired 2 | . . . 2 . . . . . . . . . . . Parts Built . | . . . . . . . . . . . . . . . Authchips . | . . . . . . . . . . . . . . . Time . | . . . . . . . . . . . . . . . Total Part Build Rating . | . . . . . . . . . . . . . . . Parts Repaired . | . . . . . . . . . . . . . . . Time . | . . . . . . . . . . . . . . . Parts Recycled . | . . . . . . . . . . . . . . . Recycled Matter . | . . . . . . . . . . . . . . . Retrieved Matter . | . . . . . . . . . . . . . . . Retrieved Components . | . . . . . . . . . . . . . . . Parts Scanalyzed 3 | . . . 3 . . . . . . . . . . . Part Schematics Acquired 2 | . . . 2 . . . . . . . . . . . Parts Damaged . | . . . . . . . . . . . . . . . Bothacking | -11 -10 -9 -8 -7 -7 -6 -6 -6 -6 -6 -5 -4 -3 -3 ------------ Run | Yrd Mat Mat Mat Fac DSF Fac Ext Cet Arc Hub Fac Fac Res Arm Used RIF Installer . | . . . . . . . . . . . . . . . Robots Hacked . | . . . . . . . . . . . . . . . Non-combat . | . . . . . . . . . . . . . . . Combat . | . . . . . . . . . . . . . . . Robot Hacks Applied . | . . . . . . . . . . . . . . . Relay Couplers Released . | . . . . . . . . . . . . . . . Fabnet Peak Effective % . | . . . . . . . . . . . . . . . Robots Rewired 13 | . . . . . . . 11 . . . . . . 2 Allies Hacked 1 | . . . . . . . . . . . . . . 1 Hacks Repelled . | . . . . . . . . . . . . . . . Allies | -11 -10 -9 -8 -7 -7 -6 -6 -6 -6 -6 -5 -4 -3 -3 -------- Run | Yrd Mat Mat Mat Fac DSF Fac Ext Cet Arc Hub Fac Fac Res Arm Total Allies 21 | . . . . . . . 18 . . 1 . . . 2 Largest Group 8 | . . . . . . . 8 8 2 1 . . . 1 Highest-Rated Group 216 | . . . . . . . 216 213 65 26 . . . 65 Highest-Rated Ally 65 | . . . . . . . 39 39 39 26 . . . 65 Total Orders . | . . . . . . . . . . . . . . . Ally Attacks 149 | . . . . . . . 73 66 8 . . . . 2 Total Damage 3121 | . . . . . . . 1636 1268 160 . . . . 57 Kills 20 | . . . . . . . 11 8 . . . . . 1 Allies Corrupted . | . . . . . . . . . . . . . . . Allies Melted 3 | . . . . . . . 3 . . . . . . . Intel | -11 -10 -9 -8 -7 -7 -6 -6 -6 -6 -6 -5 -4 -3 -3 ------- Run | Yrd Mat Mat Mat Fac DSF Fac Ext Cet Arc Hub Fac Fac Res Arm Robot Analysis Total . | . . . . . . . . . . . . . . . Derelict Logs Recovered . | . . . . . . . . . . . . . . . Drone Launches 2 | . . . . . . . . . . . . 2 . . Drone Recoveries . | . . . . . . . . . . . . . . . Exploration | -11 -10 -9 -8 -7 -7 -6 -6 -6 -6 -6 -5 -4 -3 -3 ------------- Run | Yrd Mat Mat Mat Fac DSF Fac Ext Cet Arc Hub Fac Fac Res Arm Turns Passed 7226 | 3 515 400 966 156 237 344 1782 605 352 342 1046 298 66 114 Spaces Moved 4252 | 1 310 206 481 100 101 195 896 289 160 137 617 418 143 198 Core 487 | . . . . . . . . . . . 91 241 50 105 Treads . | . . . . . . . . . . . . . . . Legs 3400 | 1 310 206 481 100 101 195 896 289 160 137 524 . . . Wheels . | . . . . . . . . . . . . . . . Hover 177 | . . . . . . . . . . . . 177 . . Flight 188 | . . . . . . . . . . . 2 . 93 93 Fastest Speed 24 | 120 120 120 120 120 123 130 123 123 193 123 50 50 37 24 Average Speed 128 | 120 135 120 170 127 144 130 124 183 193 184 140 56 41 41 Slowest Speed 260 | 120 190 120 190 190 190 130 200 193 193 195 260 150 50 50 Overloaded Moves 35 | . . . . . . . . . . . . . . 35 Propulsion Burnouts . | . . . . . . . . . . . . . . . Robots Hopped 5 | . . . . . . . . 1 . . . . 1 3 Cave-ins Triggered . | . . . . . . . . . . . . . . . Exploration Rate (%) 35 | 2 52 22 43 4 73 5 62 85 84 28 21 19 6 22 Regions Visited 14 Branch Regions 5 Pre-discovered Areas . | . . . . . . . . . . . . . . . Known Exits Taken 7 | . . . . 1 . 1 1 1 1 1 1 . . . Unknown Exits Taken 6 | 1 1 1 1 . . . . . . . . 1 1 . Scrap Searched . | . . . . . . . . . . . . . . . Spaces Dug 13 | . . . . . . . 13 . . . . . . . Terrain Destroyed 187 | . . 19 27 . 25 1 31 3 2 12 67 . . . Melee 3 | . . . . . . . 3 . . . . . . . Projectile 56 | . . . . . . . 20 3 2 12 19 . . . AOE 126 | . . 19 27 . 25 . 7 . . . 48 . . . Terrain Rammed . | . . . . . . . . . . . . . . . Walls Destroyed . | . . . . . . . . . . . . . . . Machines Disabled . | . . . . . . . . . . . . . . . Actions | -11 -10 -9 -8 -7 -7 -6 -6 -6 -6 -6 -5 -4 -3 -3 --------- Run | Yrd Mat Mat Mat Fac DSF Fac Ext Cet Arc Hub Fac Fac Res Arm Total 5249 | 4 364 284 577 127 153 228 1284 330 180 173 695 477 147 226 Wait 165 | . 3 12 17 9 6 . 53 2 6 1 8 48 . . Move 4229 | . 309 205 480 99 100 194 895 286 159 137 616 417 140 192 Hop 5 | . . . . . . . . 1 . . . . 1 3 Pick Up 54 | . 11 6 8 2 3 2 8 8 . 1 3 . 2 . Fast Attach 52 | . 4 2 5 5 3 2 4 3 1 6 5 6 2 4 Attach 30 | . 1 3 3 1 1 . 6 4 . 1 9 . . 1 Detach 8 | . 2 . . . . 1 . 1 1 . . 3 . . Swap 43 | . 3 5 8 2 7 1 11 2 2 2 . . . . Drop 80 | 4 8 10 16 7 10 4 5 8 1 2 . 2 2 1 Fire 329 | . 22 41 40 2 23 24 89 15 10 20 43 . . . Melee 55 | . . . . . . . 55 . . . . . . . Ram 27 | . . . . . . . . . . . 9 1 . 17 Kick 7 | . 1 . . . . . 1 . . 3 2 . . . Crush . | . . . . . . . . . . . . . . . Escape Stasis 3 | . . . . . . . 3 . . . . . . . Rewire 162 | . . . . . . . 154 . . . . . . 8 Trap . | . . . . . . . . . . . . . . . Miscellaneous . | . . . . . . . . . . . . . . . Route ------- -11/Scrapyard -10/Materials (discovered 2 exits: *Mat / [*Min]) -9/Materials -8/Materials -7/Factory -7/DSF -6/Factory -6/Extension (discovered 2 exits: *Fac / *Cet) -6/Cetus (discovered 2 exits: *Fac / *Arc) -6/Archives (discovered 3 exits: *Fac / *Hub x2) -6/Hub_04(d) -5/Factory -4/Factory -3/Research -3/Armory History --------- Turn | Location | Event 4 | -11/Scrapyard | Discovered new exit (range 0) 4 | -11/Scrapyard | Entered Materials 300 | -10/Materials | Discovered new exit (range 5) 302 | -10/Materials | Build established: Mutant 342 | -10/Materials | Discovered new exit (range 6) 519 | -10/Materials | Entered another Materials area 519 | -9/Materials | Evolved 2 slots: Propulsion x1, Utility x1 869 | -9/Materials | Discovered new exit (range 16) 919 | -9/Materials | Entered another Materials area 919 | -8/Materials | Evolved 2 slots: Utility x1, Weapon x1 1212 | -8/Materials | Build established: Scavenger-Gunner 1851 | -8/Materials | Discovered new exit (range 15) 1885 | -8/Materials | Entered Factory 1885 | -7/Factory | Evolved 2 slots: Utility x1, Weapon x1 2041 | -7/Factory | Identified exit to DSF 2041 | -7/Factory | Entered DSF 2075 | -7/DSF | Additional patrols routed to DSF 2232 | -7/DSF | Sterilization system engaged 2252 | -7/DSF | Ambient heat levels rising (+10) 2258 | -7/DSF | Discovered new exit (range 15) 2267 | -7/DSF | Ambient heat levels rising (+10) 2278 | -7/DSF | Entered Factory 2278 | -6/Factory | Evolved 2 slots: Utility x2 2400 | -6/Factory | Build established: Gunner 2617 | -6/Factory | Discovered new exit (range 6) 2621 | -6/Factory | Identified exit to Extension 2622 | -6/Factory | Entered Extension 2629 | -6/Extension | Disrupted transfer network 2924 | -6/Extension | Lost 3 allies 3065 | -6/Extension | Rescued a captive Derelict 3065 | -6/Extension | Rescued a captive Derelict 3089 | -6/Extension | Rescued a captive Derelict 3210 | -6/Extension | Lost 4 allies 4079 | -6/Extension | Energy Cycler disabled 4079 | -6/Extension | Rescued a captive Derelict 4084 | -6/Extension | Rescued a captive Derelict 4084 | -6/Extension | Rescued a captive Derelict 4090 | -6/Extension | Rescued a captive Derelict 4095 | -6/Extension | Rescued a captive Derelict 4337 | -6/Extension | Discovered new exit (range 10) 4338 | -6/Extension | Discovered new exit (range 6) 4374 | -6/Extension | Identified exit to Factory 4377 | -6/Extension | Build established: Hacker-Gunner 4377 | -6/Extension | Identified exit to Cetus 4404 | -6/Extension | Entered Cetus 4404 | -6/Cetus | Accompanied by 8 allies 4421 | -6/Cetus | Spotted Cetus Guard 4421 | -6/Cetus | Spotted Cetus Guard 4423 | -6/Cetus | Spotted Cetus Guard 4423 | -6/Cetus | Spotted Cetus Guard 4431 | -6/Cetus | Destroyed Cetus Guard 4452 | -6/Cetus | Destroyed Cetus Guard 4473 | -6/Cetus | Lost 3 allies 4718 | -6/Cetus | Discovered new exit (range 16) 4759 | -6/Cetus | Spotted Cetus Guard 4759 | -6/Cetus | Spotted Cetus Guard 4762 | -6/Cetus | Spotted Cetus Guard 4764 | -6/Cetus | Spotted Cetus Guard 4768 | -6/Cetus | Destroyed Cetus Guard 4771 | -6/Cetus | Destroyed Cetus Guard 4771 | -6/Cetus | Destroyed Cetus Guard 4776 | -6/Cetus | Destroyed Cetus Guard 4796 | -6/Cetus | Build established: Scavenger-Gunner 4798 | -6/Cetus | Discovered exit to Factory (range 15) 4812 | -6/Cetus | Met Revision 17 5007 | -6/Cetus | Identified exit to Archives 5009 | -6/Cetus | Entered Archives 5009 | -6/Archives | Accompanied by 2 allies 5112 | -6/Archives | Unable to access archive contents 5131 | -6/Archives | Unable to access archive contents 5151 | -6/Archives | Unable to access archive contents 5170 | -6/Archives | Unable to access archive contents 5189 | -6/Archives | Discovered exit to Factory (range 16) 5266 | -6/Archives | Discovered new exit (range 16) 5282 | -6/Archives | Discovered new exit (range 14) 5359 | -6/Archives | Identified exit to Hub_04(d) 5361 | -6/Archives | Entered Hub_04(d) 5524 | -6/Hub_04(d) | Garrison activated, responded to threat 5587 | -6/Hub_04(d) | Lost 3 allies 5657 | -6/Hub_04(d) | Network Hub disabled 5680 | -6/Hub_04(d) | Discovered exit to Factory (range 15) 5703 | -6/Hub_04(d) | Entered Factory 5703 | -5/Factory | Evolved 2 slots: Utility x1, Weapon x1 5728 | -5/Factory | Lost 4 parts (1u3w) 6193 | -5/Factory | Lost 3 parts (1n2w) 6194 | -5/Factory | Destroyed 7 combat bots 6252 | -5/Factory | Discovered new exit (range 2) 6254 | -5/Factory | Identified exit to Factory 6464 | -5/Factory | Build established: Scavenger-Mutant 6603 | -5/Factory | First assault squad dispatched 6657 | -5/Factory | System corruption reached 10% 6660 | -5/Factory | Destroyed 12 combat bots 6707 | -5/Factory | Core integrity fell below 50% 6730 | -5/Factory | Lost 12 parts (1p5n3u3w) 6747 | -5/Factory | Core integrity fell below 20% 6749 | -5/Factory | Entered another Factory area 6749 | -4/Factory | Evolved 2 slots: Utility x2 6773 | -4/Factory | Lost 3 parts (3u) 6813 | -4/Factory | Core integrity fell below 50% 6959 | -4/Factory | Build established: Mutant 6999 | -4/Factory | First assault squad dispatched 7041 | -4/Factory | Discovered new exit (range 9) 7045 | -4/Factory | Core integrity fell below 20% 7047 | -4/Factory | Entered Research 7047 | -3/Research | Evolved 2 slots: Utility x2 7070 | -3/Research | Spotted B-86 Titan 7107 | -3/Research | Discovered new exit (range 15) 7113 | -3/Research | Entered Armory 7169 | -3/Armory | Spotted B-86 Titan 7173 | -3/Armory | Core integrity fell below 50% 7203 | -3/Armory | Core integrity fell below 20% 7227 | -3/Armory | Destroyed by S-43 Plague with Heavy Machine Gun Last Messages --------------- Holding Depot disabled. B-86 Titan activates siege mode. Acquired 4 matter. Attempting to rewire B-74 Champion. B-74 Champion rewired. Attempting to rewire I-47 Archangel. C-35 Carver suffers critical hit (Smash). C-35 Carver destroyed. Attempting to rewire I-47 Archangel. Champion 8a destroyed. Attempting to rewire I-47 Archangel. I-47 Archangel rewired. Acquired Rnf. Antimatter Reactor. Dropped Rnf. Antimatter Reactor. Acquired Imp. Surge Thruster. Acquired 35 matter. Acquired Imp. Surge Thruster. P-80 Master hacks Archangel 8a, rebooting. Imp. Surge Thruster destroyed. System corrupted: Imp. Surge Thruster rejected. Map ----- +----------------------------------------------------+ | ?????????????????????????????# #####+####### | | ???????????????############### #??# | | ??????????????? # #??# ###### | | ???????????????" # #??# ##/###### | | ????????#??????"*!# % ###"% # | | ????????# ?????"/%# =]! # | | ????????# ???" !# =]! # | | ????????# ?"" *# """"" """" =!! " | | ????????# "/ # ""Y"" """" " """ | | ????##??# ! # """"" # """ = | | ????# #########/#" " """ /# """ | | ????+ ! # """ | | ????+ !! + """ | | ????# !### ### !=!! # ### """ | | ?????????# #?# % ############### #?# ""? "" | | ?????????# #?# "#????????????####?# ? "" | | ?????????# #?# ]/ "#?????????????????## #?###? | | ????????## ### ]/ "#???????????????????##????? | | ????????# ## // T#?????????????????????????? | | ????????# ]## "#?????????????????????????? | | ????????# ## "#???########??????????????? | | ????????# ## "#???# #??????????????? | | ?#########+#### """ ###### "#??????????????? | | ?# # """ # ## ""#??????????????? | | ?# # """ # ## * ""#??????????????? | | ?# # # @## ""#??????????????? | | ?# # ss = ll# ""#??????????????? | | ?# /p s l + T"#??????????????? | | ?##############/########+### ""#??????????????? | | ???????????# #? # ""#??????????????? | | ???????????# ## # ""#??????????????? | | ???????????# ## # ""#??????????????? | | ???????????# """""" ## # "#??????????????? | | ???????????# ?????" ## # #??????????????? | | ???????????#??????" ## ########??????????????? | | ??????????????????" ########?????????????????????? | | ???????????# """""" #????????????????????????????? | | ???????????# #????????????????????????????? | | ???????????##########????????????????????????????? | | ?????????????????????????????????????????????????? | | ?????????????????????????????????????????????????? | | ?????????????????????????????????????????????????? | | ?????????????????????????????????????????????????? | | ?????????????????????????????????????????????????? | | ?????????????????????????????????????????????????? | | ?????????????????????????????????????????????????? | | ?????????????????????????????????????????????????? | | ?????????????????????????????????????????????????? | | ?????????????????????????????????????????????????? | | ?????????????????????????????????????????????????? | +----------------------------------------------------+ Best States ------------- Heat Dissipation 67 Energy Generation 25 Energy Capacity 350 Matter Stores 300 Matter Capacity 300 Sight Range 16 Terrain Scan Density 10 Jamming Range 12 Base Temperature (-) 150 Armor Coverage 225 Core Shielding 20 Evasion (%) 65 Targeting Accuracy 8 Target Analysis 5 Offensive Hacking 12 Defensive Hacking 22 Item Schematics ----------------- Airjet | -8/Materials | Scanalyzed Powered Hammer | -8/Materials | Scanalyzed Robot Schematics ------------------ None Fabricated ------------ Nothing Alien Tech Used ----------------- None Achievements -------------- Preemptive Strike Revising The Future Streaker Total Silence Challenges ------------ None Game ------ Seed ShockRecoilRail Manual? 0 Play Time 01:38:31 Cumulative 75.8 hours Start 2024.10.17 @ 17:16:47 End 2024.10.17 @ 19:05:08 Sessions 1 Manual Loads 0 Difficulty Rogue Special Mode None Game No. 79 Rogue 79 Adventurer 0 Explorer 0 Win Type - Total 2 Types 1/0/0/1/0/0/0/0/0 Lore% 51 Gallery% 44 Achievement% 43 Wizard Run 0 Options --------- Layout 1 ASCII 0 Keyboard 1 Movement Numpad Keybinds 0 Fullscreen 2 Font 20/SmallcapsGlow Map View 54x42 Zoom Use 0% Tactical HUD 0 Map Filters NONE Filters NONE Steam 1 RUN: 6422e707-ecbe-4d66-abda-49c40c1bae70